 Dungeon Crawl Stone Soup version 0.28-a0-845-gfc338a8e3c (webtiles) character file.

Game seed: 5038612239822477255

63 siradein the Ducker (level 3, -7/28 HPs)
             Began as a Demonspawn Gladiator on Nov 12, 2021.
             Killed by divine providence
             ... invoked by an orc priest
              (10 damage)
             ... on level 3 of the Dungeon.
             The game lasted 00:02:27 (2078 turns).

siradein the Ducker (Demonspawn Gladiator)          Turns: 2078, Time: 00:02:27

Health: -7/28      AC:  8    Str: 14    XL:     3   Next: 89%
Magic:  3/3        EV: 12    Int:  9    God:
Gold:   158        SH:  3    Dex: 15    Spells: 2/2 levels left

rFire   . . .      SeeInvis .   a - +0 trident
rCold   . . .      Faith    .   n - +0 buckler
rNeg    . . .      Spirit   .   b - +0 leather armour
rPois   .          Reflect  .   c - +0 helmet
rElec   .          Harm     .   (no cloak)
rCorr   .          Rampage  .   (no gloves)
Will    .....                   (no boots)
Stlth   +.........              (no amulet)
HPRegen 0.09/turn               f - +4 ring of protection
MPRegen 0.16/turn               (no ring)

@: no status effects
A: magic regeneration
a: no special abilities


You were on level 3 of the Dungeon.
You visited 1 branch of the dungeon, and saw 3 of its levels.

You collected 158 gold pieces.

Inventory:

Hand Weapons
 a - a +0 trident (weapon)
Missiles
 d - 3 throwing nets
 g - 68 stones (quivered)
Armour
 b - a +0 leather armour (worn)
 c - a +0 helmet (worn)
 n - a +0 buckler (worn)
Jewellery
 f - a +4 ring of protection (left hand)
Scrolls
 e - a scroll of fear {unknown}
 h - 2 scrolls of immolation {unknown}
 i - 2 scrolls of vulnerability {unknown}
 j - a scroll of identify {unknown}
 k - 2 scrolls of enchant weapon {unknown}
 l - 2 scrolls of amnesia {unknown}
 m - a scroll of teleportation {unknown}
Potions
 o - a potion of heal wounds {unknown}


   Skills:
 + Level 2.6 Fighting
 + Level 3.1 Polearms
 + Level 2.4 Throwing
 + Level 3.2 Dodging
 + Level 0.0 Shields


You had 2 spell levels left.
You didn't know any spells.
Your spell library was empty.

Dungeon Overview and Level Annotations

Branches:
Dungeon (3/15)

Altars:

Shops:
D:2 [

Annotations:
D:3 1 runed translucent door, HilariousDeathArtist's ghost, amateur MiWn


Innate Abilities, Weirdness & Mutations

You regenerate magic rapidly.


Message History

HilariousDeathArtist's ghost screams, "I'll kill anyone who wants the ORB!"
You hit the orc.
You kill the orc!
You closely miss the orc priest.
The orc priest calls down the wrath of Beogh upon you.
Beogh smites you!
You are too injured to fight recklessly!
You closely miss the orc priest.
The orc priest hits you with a +2 vampiric short sword.
The orc hits you but does no damage.
The orc priest hits you but does no damage.
The orc barely misses you.
You barely miss the orc priest. The orc priest barely misses you.
You block the orc's attack.
You completely miss the orc priest.
The orc priest looks satisfied for a moment.
The orc hits you but does no damage.
You hit the orc priest but do no damage.
The orc priest hits you but does no damage.
The orc barely misses you. The orc priest completely misses you.
You barely miss the orc priest. The orc closely misses you.
The orc priest looks satisfied for a moment.
The orc misses you.
You hit the orc priest but do no damage.
The orc priest hits you but does no damage.
The orc closely misses you.
You barely miss the orc priest.
The orc priest hits you with a +2 vampiric short sword.
* * * LOW HITPOINT WARNING * * *
The orc hits you with a +0 mace.
* * * LOW HITPOINT WARNING * * *
You hit the orc priest.
The orc priest is moderately wounded.
HilariousDeathArtist's ghost laughs crazily.
The orc priest barely misses you. You block the orc's attack.
You barely miss the orc priest.
The orc priest is moderately wounded.
The orc priest calls down the wrath of Beogh upon you.
Beogh smites you!
You die...

#... ##....... #..#
##.....#+# #...
#.....##.# .. #...
#....##... #.. #...
#...##.... ##..#...
###...#W.!♣? ⌠#..#...
#...oo##.... ##......
#...@..##... #.......
#.......##⌠##...###..
##........###...# #..
#..............#####.#
#....###..........##..
#....# #...#).....####
#....# #...##...[.#
########....#
#...##.....#
#...........#
#...##.....#


You could see an orc priest, HilariousDeathArtist's ghost and an orc.

Vanquished Creatures
  2 adders
  A worm (D:3)
  A dart slug (D:2)
  3 orcs (D:3)
  4 ball pythons
  3 bats
  An endoplasm (D:1)
  3 giant cockroaches
  4 goblins
  2 hobgoblins
  2 jackals (D:2)
  A quokka (D:1)
  3 frilled lizards
  3 kobolds
  2 rats
35 creatures vanquished.

Vanquished Creatures (others)
  A fungus (D:3)
  3 plants (D:3)
4 creatures vanquished.

Grand Total: 39 creatures vanquished

Notes
Turn   | Place    | Note
-------+----------+-------------------------------------------
     0 | D:1      | siradein the Demonspawn Gladiator began the quest for the
                  | Orb.
     0 | D:1      | Reached XP level 1. HP: 16/16 MP: 1/1
   494 | D:1      | Gained mutation: You regenerate magic rapidly. [demonic
                  | ancestry]
   494 | D:1      | Reached XP level 2. HP: 20/22 MP: 2/2
   977 | D:2      | Reached XP level 3. HP: 20/28 MP: 3/3
  1175 | D:2      | Found Ytadoi's Antique Armour Shoppe.
  1982 | D:3      | Found a faded altar of an unknown god.
  2060 | D:3      | Noticed HilariousDeathArtist's ghost (amateur MiWn)
  2064 | D:3      | Found a runed translucent door.
  2078 | D:3      | Killed from afar by an orc priest

Illustrated notes

Levels and vault maps discovered:
D:1:      dpeg_arrival_boxorama, layout_basic, st_stairs_6
D:2:      layout_basic, serial_shops, nicolae_shop_overgrown_old_shop,
          bh_walls_and_bars
D:3:      layout_basic, shapermc_ecumenical_altar_mp_urbaneastern,
          hellmonk_ghost_happy_afterlife, grunt_decor_cap,
          kennysheep_generic_room_10

Skill      XL: |  1  2 |
---------------+-------+-----
Throwing       | 2 |  2.4
Polearms       | 3 |  3.1
Dodging        | 3 |  3.2
Fighting       | |  2.6

Action                   || total
-------------------------++-------
Melee: Trident           ||   133
  Use: Potion            ||     1
 Stab: Sleeping          ||     3
Armor: Leather armour    ||    41
Dodge: Dodged            ||    65
Block: Buckler           ||     2

Table legend: (Time is in decaauts)
 A = Elapsed time spent in this place.
 B = Non-inter-level travel time spent in this place.
 C = Inter-level travel time spent in this place.
 D = Time resting spent in this place.
 E = Time spent auto-exploring this place.
 F = Levels seen in this place.
 G = Mean time per level.
                   A        B        C        D        E       F      G
               +--------+--------+--------+--------+--------+-----+--------+
         Total |   2097 |   2078 |     19 |      0 |   1763 |   3 |  699.0 |
       Dungeon |   2097 |   2078 |     19 |      0 |   1763 |   3 |  699.0 |
               +--------+--------+--------+--------+--------+-----+--------+

Top non-repeatable levels by time:
     D:1: 812 daAuts
     D:3: 651 daAuts
     D:2: 632 daAuts
